[Event "Titled Tuesday Blitz August 1 Early 2023"]
[White "Jaskolka, Tomasz"]
[Black "Materia, Marco"]
[WhiteFideId "1170791"]
[BlackFideId "45150451"]
[WhiteElo "2524"]
[BlackElo "2680"]
[Result "1/2-1/2"]
[Round "5"]
[TimeControl "180+1"]
[Date "2023.08.01"]
[WhiteClock "0:00:07"]
[BlackClock "0:00:13"]
[Board "76"]

1. d4 Nf6 2. c4 e6 3. g3 d5 4. Bg2 Be7 5. Nf3 O-O 6. O-O c6 7. Nc3 Nbd7 8. Qd3 dxc4 9. Qxc4 Nd5 10. e4 Nxc3 11. bxc3 c5 12. Be3 b6 13. Rad1 Qc7 14. Bf4 Qb7 15. d5 exd5 16. exd5 Qa6 17. Qe4 Bd8 18. Rfe1 Nf6 19. Qe3 Bd7 20. Ne5 Re8 21. Qd2 Ba4 22. Rc1 Bc7 23. d6 Rad8 24. Nc6 Bxc6 25. Bxc6 Rxe1+ 26. Rxe1 Bxd6 27. Bxd6 b5 28. Bxb5 Qxb5 29. Qf4 h6 30. Be7 Re8 31. Qd6 Qc4 32. Rd1 Ne4 33. Qd7 Rb8 34. Qd3 Qe6 35. Re1 Qxe7 36. Rxe4 Qf6 37. Kg2 g6 38. Rf4 Qc6+ 39. Qf3 Qc7 40. Rf6 Kg7 41. h4 h5 42. Rc6 Qe5 43. Qe3 Qxe3 44. fxe3 Rb2+ 45. Kf3 Rxa2 46. Rxc5 a5 47. Rc7 a4 48. Ra7 a3 49. c4 Ra1 50. c5 a2 51. Kg2 Kf6 52. c6 Ke6 53. Ra6 Kd6 54. Kh2 Re1 55. Rxa2 Rxe3 56. Rc2 Kc7 57. Kg2 Re6 58. Rf2 f6 59. Rc2 Rxc6 60. Ra2 Kd6 61. Ra3 Ke6 62. Re3+ Kf7 63. Re2 Rc3 64. Ra2 Ke6 65. Ra6+ Ke5 66. Ra5+ Kd6 67. Ra6+ Rc6 68. Ra2 Ke6 69. Re2+ Kf7 70. Ra2 Rd6 71. Rb2 Rd4 72. Rc2 Ke6 73. Ra2 Kf5 74. Ra6 Rd3 75. Ra5+ Ke4 76. Ra4+ Ke3 77. Rf4 Rd2+ 78. Kg1 Rd6 79. Kg2 f5 80. Rf3+ Ke4 81. Rf4+ Ke5 82. Rf2 Rd4 83. Re2+ Re4 84. Ra2 Rg4 85. Re2+ Kf6 86. Kf3 f4 87. gxf4 Rxh4 88. Kg3 Rg4+ 89. Kf3 Rg1 90. Ra2 Rf1+ 91. Kg3 Re1 92. Ra6+ Re6 93. Ra5 Re3+ 94. Kg2 h4 95. Kf2 Rg3 96. Rb5 Kg7 97. Ra5 Kh6 98. Rb5 Rg4 99. Kf3 Rg3+ 100. Kf2 Rc3 101. Ra5 h3 102. Kg1 Rc2 103. Ra3 h2+ 104. Kh1 Kg7 105. Rh3 Kf6 106. Rxh2 Rc4 107. Rf2 Kf5 108. Kg2 Rxf4 109. Ra2 Kg4 110. Ra3 Rb4 111. Ra2 g5 112. Rc2 Rb3 113. Ra2 Kh4 114. Kh2 g4 115. Kg2 Re3 116. Rb2 Rg3+ 117. Kh2 Rd3 118. Kg2 Kg5 119. Rb5+ Kh4 120. Rb2 Rg3+ 121. Kh2 Rf3 122. Kg2 Rf4 123. Rb3 Rd4 124. Rb2 g3 125. Rc2 Kg4 126. Ra2 Rd3 127. Ra4+ Kg5 128. Ra2 Kf4 129. Ra4+ Kf5 130. Ra2 Re3 131. Rb2 Kf4 132. Rb4+ Ke5 133. Rb2 Kf5 134. Ra2 Kf4 135. Ra4+ Kg5 136. Ra2 Kg4 137. Ra4+ Kg5 138. Ra2 Kg4 139. Ra4+ Kg5 1/2-1/2


[Site "https://www.chess.com"]

[Event "Titled Tuesday Blitz August 1 Early 2023"]
[White "Rendle, Thomas E"]
[Black "NigelDwarf"]
[WhiteFideId "408760"]
[WhiteElo "2673"]
[BlackElo "2523"]
[Result "1-0"]
[Round "5"]
[TimeControl "180+1"]
[Date "2023.08.01"]
[WhiteClock "0:01:58"]
[BlackClock "0:00:23"]
[Board "77"]

1. e4 c5 2. Be2 Nc6 3. f4 e6 4. Nf3 Nge7 5. O-O g6 6. d4 cxd4 7. Nxd4 Bg7 8. Be3 d5 9. e5 O-O 10. Nc3 a6 11. Kh1 Nxd4 12. Bxd4 Nf5 13. Bc5 Re8 14. Bd3 b6 15. Bf2 Bb7 16. Na4 b5 17. Nc5 Bc6 18. Bxf5 gxf5 19. Bd4 Kh8 20. Qh5 f6 21. Rf3 Ra7 22. Rh3 1-0


[Site "https://www.chess.com"]

[Event "Titled Tuesday Blitz August 1 Early 2023"]
[White "Ocelak, Jakub"]
[Black "Rastbod, Ali"]
[WhiteFideId "23707933"]
[BlackFideId "12567477"]
[WhiteElo "2519"]
[BlackElo "2661"]
[Result "0-1"]
[Round "5"]
[TimeControl "180+1"]
[Date "2023.08.01"]
[WhiteClock "0:00:05"]
[BlackClock "0:01:29"]
[Board "78"]

1. e4 d6 2. d4 Nf6 3. Nc3 g6 4. Nf3 Bg7 5. Be2 O-O 6. O-O a6 7. a4 Nc6 8. d5 Nb4 9. Be3 c5 10. dxc6 bxc6 11. h3 a5 12. Qd2 Nd7 13. Nd4 Qc7 14. Bf3 Ba6 15. Be2 Bxe2 16. Qxe2 Nc5 17. Rfc1 Qb7 18. Qc4 Rac8 19. Nb3 Nxb3 20. Qxb3 Qa6 21. Rd1 Rb8 22. Bd4 Nd3 23. Nb5 Bxd4 24. Rxd3 Bg7 25. Nc7 Qa7 26. Nb5 cxb5 27. axb5 Rfc8 28. c4 Qc5 29. Rxa5 Qxc4 30. Qxc4 Rxc4 31. g3 Rxe4 32. Rb3 Re2 33. b6 Rxb2 34. Rxb2 Bxb2 35. b7 Rxb7 36. Ra8+ Kg7 0-1


[Site "https://www.chess.com"]

[Event "Titled Tuesday Blitz August 1 Early 2023"]
[White "Lewicki, Miroslaw"]
[Black "Di Nicolantonio, Lucas"]
[WhiteFideId "1113380"]
[BlackFideId "680460"]
[WhiteElo "2651"]
[BlackElo "2518"]
[Result "1-0"]
[Round "5"]
[TimeControl "180+1"]
[Date "2023.08.01"]
[WhiteClock "0:00:20"]
[BlackClock "0:00:05"]
[Board "79"]

1. g3 g6 2. Bg2 Bg7 3. Nf3 d6 4. O-O f5 5. c4 Nf6 6. Nc3 O-O 7. d4 Nc6 8. d5 Ne5 9. Nxe5 dxe5 10. e4 f4 11. gxf4 exf4 12. e5 Ng4 13. e6 Ne5 14. Qb3 f3 15. Bh3 Qe8 16. Kh1 g5 17. Rg1 Qh5 18. Bf1 g4 19. Ne4 b5 20. Qxb5 c6 21. Qb3 a5 22. Qe3 Ba6 23. Qg5 Qxg5 24. Bxg5 cxd5 25. cxd5 Bxf1 26. Rgxf1 Rfe8 27. b3 a4 28. b4 a3 29. Rab1 Rac8 30. Rfc1 Nd3 31. Rxc8 Rxc8 32. Bxe7 Nxb4 33. Bxb4 Rc4 34. d6 Rxe4 35. d7 Bf6 36. e7 Bxe7 37. Bxe7 1-0


[Site "https://www.chess.com"]

[Event "Titled Tuesday Blitz August 1 Early 2023"]
[White "Timerkhanov, Alexander"]
[Black "feuervogel1000000"]
[WhiteFideId "24177938"]
[WhiteElo "2648"]
[BlackElo "2513"]
[Result "0-1"]
[Round "5"]
[TimeControl "180+1"]
[Date "2023.08.01"]
[WhiteClock "0:00:53"]
[BlackClock "0:00:19"]
[Board "80"]

1. d4 Nf6 2. Bg5 d5 3. Nd2 c5 4. e3 Nc6 5. c3 e6 6. Ngf3 Be7 7. Bd3 O-O 8. O-O b6 9. Ne5 Nxe5 10. dxe5 Nd7 11. Bxe7 Qxe7 12. f4 f6 13. exf6 Nxf6 14. e4 dxe4 15. Nxe4 Bb7 16. Qe2 Rad8 17. Rad1 Bd5 18. a3 c4 19. Bc2 Qb7 20. Ng5 Rde8 21. Nf3 Qc7 22. Ne5 Nd7 23. Nxd7 Qxd7 24. Qxc4 Bxc4 25. Rxd7 Bxf1 26. Kxf1 Rxf4+ 27. Ke2 Ref8 28. Bb3 Rf2+ 29. Ke3 Rxb2 30. Bxe6+ Kh8 31. Rxa7 Re8 32. Kd4 Rd2+ 33. Kc4 Rxg2 34. Rb7 Rxh2 35. Bd7 Rd8 36. Rxb6 g6 37. Bc6 Kg7 38. a4 Ra2 39. Kb3 Ra1 40. Kb2 Rdd1 41. Bb5 h5 42. c4 Rab1+ 43. Kc2 Rbc1+ 44. Kb2 Rb1+ 45. Kc2 h4 46. a5 Rbc1+ 47. Kb2 Ra1 48. Rb7+ Kh6 49. Rb8 Rxa5 50. Rh8+ Kg5 51. Kc3 h3 52. Kb4 Rxb5+ 53. Kxb5 Kg4 54. c5 g5 55. c6 Rb1+ 56. Kc5 Rc1+ 57. Kd6 Kg3 58. c7 g4 59. Rh5 h2 60. Rc5 Rxc5 61. Kxc5 h1=Q 62. c8=Q Qc1+ 63. Kd6 Qxc8 0-1


[Site "https://www.chess.com"]

[Event "Titled Tuesday Blitz August 1 Early 2023"]
[White "Gaal, Zsoka"]
[Black "Hua, Lefong"]
[WhiteFideId "777765"]
[BlackFideId "2602253"]
[WhiteElo "2469"]
[BlackElo "2644"]
[Result "0-1"]
[Round "5"]
[TimeControl "180+1"]
[Date "2023.08.01"]
[WhiteClock "0:00:06"]
[BlackClock "0:01:02"]
[Board "81"]

1. Nf3 Nf6 2. g3 g6 3. b3 Bg7 4. Bb2 O-O 5. Bg2 c5 6. c4 Nc6 7. O-O d6 8. d4 Ne4 9. Nbd2 Bf5 10. Nh4 Nxd2 11. Qxd2 Nxd4 12. Bxd4 cxd4 13. Nxf5 gxf5 14. Bxb7 Rb8 15. Bg2 e6 16. Qd3 a5 17. Rab1 Qb6 18. h3 Qc5 19. Kh2 Rb6 20. Rg1 Rfb8 21. f4 Qa3 22. g4 Qxa2 23. gxf5 Rxb3 24. fxe6 fxe6 25. Rxb3 Qxb3 26. Qe4 Qe3 27. Qf3 Qxf3 28. Bxf3 Rb4 29. f5 exf5 30. Bd5+ Kf8 31. Ra1 d3 32. Rxa5 dxe2 33. Ra8+ Ke7 34. Ra7+ Kf6 35. Rf7+ Kg6 36. Re7 Be5+ 0-1


[Site "https://www.chess.com"]

[Event "Titled Tuesday Blitz August 1 Early 2023"]
[White "Sipila, Vilka"]
[Black "Schlecht, Daniel, Dr."]
[WhiteFideId "505455"]
[BlackFideId "4623959"]
[WhiteElo "2624"]
[BlackElo "2445"]
[Result "1-0"]
[Round "5"]
[TimeControl "180+1"]
[Date "2023.08.01"]
[WhiteClock "0:01:10"]
[BlackClock "0:00:00"]
[Board "82"]

1. e4 c6 2. d4 d5 3. e5 Bf5 4. h4 h5 5. Bd3 Bxd3 6. Qxd3 Qa5+ 7. c3 e6 8. Bg5 Ne7 9. Nd2 Nf5 10. Ngf3 Qa6 11. c4 Bb4 12. O-O Nd7 13. a3 Bxd2 14. Nxd2 dxc4 15. Nxc4 Nb6 16. b3 Nd5 17. Qf3 g6 18. Rfd1 b6 19. Rac1 Qb7 20. Ne3 O-O 21. g4 Ndxe3 22. fxe3 hxg4 23. Qxg4 c5 24. h5 cxd4 25. e4 Ne3 26. Qf4 Nxd1 27. Bf6 Kh7 28. hxg6+ fxg6 29. Qh4+ Kg8 30. Qh8+ Kf7 31. Qg7+ Ke8 32. Qxb7 1-0


[Site "https://www.chess.com"]

[Event "Titled Tuesday Blitz August 1 Early 2023"]
[White "Bogaudinov, Rushan"]
[Black "Guerra Tulcan, Lenin"]
[WhiteFideId "4129288"]
[BlackFideId "3601382"]
[WhiteElo "2431"]
[BlackElo "2621"]
[Result "0-1"]
[Round "5"]
[TimeControl "180+1"]
[Date "2023.08.01"]
[WhiteClock "0:00:05"]
[BlackClock "0:00:14"]
[Board "83"]

1. e4 c5 2. Nf3 e6 3. g3 Nc6 4. Bg2 Nf6 5. Nc3 Be7 6. O-O d6 7. Re1 O-O 8. d3 a6 9. a4 b6 10. b3 Bb7 11. Bb2 Re8 12. Qd2 Bf8 13. Ng5 h6 14. Nf3 Rc8 15. Nh4 Nd4 16. f4 Qc7 17. Rac1 Qb8 18. Ne2 e5 19. fxe5 dxe5 20. Rf1 Nh7 21. Rf2 b5 22. axb5 axb5 23. Rcf1 f6 24. Nc3 c4 25. bxc4 bxc4 26. Bh3 Rcd8 27. Ne2 cxd3 28. cxd3 Nb3 29. Qc2 Ba6 30. Rd1 Ng5 31. Bg2 Bc5 32. Nf5 Bxf2+ 33. Kxf2 Qa7+ 34. Kf1 Qc5 35. Qxb3+ Kh7 36. Ba3 Qa5 37. h4 Ne6 38. d4 exd4 39. Nxd4 Nxd4 40. Bf3 Nxf3 41. Qxf3 Rxd1+ 42. Kf2 Bxe2 43. Kxe2 Qd2# 0-1


[Site "https://www.chess.com"]

[Event "Titled Tuesday Blitz August 1 Early 2023"]
[White "Nasir, Zehn"]
[Black "Bouget, Alexandre"]
[WhiteFideId "2613239"]
[BlackFideId "681318"]
[WhiteElo "2621"]
[BlackElo "2425"]
[Result "1-0"]
[Round "5"]
[TimeControl "180+1"]
[Date "2023.08.01"]
[WhiteClock "0:00:09"]
[BlackClock "0:00:00"]
[Board "84"]

1. d4 g6 2. Bf4 Bg7 3. Nc3 d6 4. e4 c5 5. dxc5 Qa5 6. Ne2 Qxc5 7. Qd2 Nc6 8. Be3 Qa5 9. Nd4 Nf6 10. Be2 O-O 11. O-O Ng4 12. Bxg4 Bxg4 13. Nxc6 bxc6 14. Bh6 Rab8 15. Bxg7 Kxg7 16. b3 Rfd8 17. Rfe1 Qc5 18. Na4 Qb4 19. Qg5 Be6 20. Qxe7 Rd7 21. Qg5 c5 22. Rad1 c4 23. e5 d5 24. Qe3 d4 25. Qf4 d3 26. cxd3 cxb3 27. Qxb4 Rxb4 28. axb3 Bxb3 29. Nc5 Bxd1 30. Nxd7 Bc2 31. Nc5 a5 32. Rc1 a4 33. g3 Rb2 34. Ra1 Rb4 35. d4 Rxd4 36. f4 Rc4 37. Nb7 Bb3 38. Nd6 Rc2 39. Nb5 Bd5 40. Rxa4 Rg2+ 41. Kf1 Rxh2 42. Ra7 Bc4+ 43. Kg1 Rd2 44. Nd6 Bd5 45. Kf1 h5 46. Ra5 Be6 47. Ra3 Kh6 48. Ne4 Rb2 49. Ng5 1-0


[Site "https://www.chess.com"]

[Event "Titled Tuesday Blitz August 1 Early 2023"]
[White "Belov, Alexei"]
[Black "Tymrakiewicz, Rafal"]
[WhiteFideId "4128206"]
[BlackFideId "1108832"]
[WhiteElo "2617"]
[BlackElo "2406"]
[Result "1-0"]
[Round "5"]
[TimeControl "180+1"]
[Date "2023.08.01"]
[WhiteClock "0:00:11"]
[BlackClock "0:00:00"]
[Board "85"]

1. e4 Nf6 2. e5 Nd5 3. d4 d6 4. Nf3 g6 5. Bc4 Nb6 6. Bb3 d5 7. O-O Nc6 8. c3 Bg7 9. Re1 O-O 10. Nbd2 f6 11. exf6 exf6 12. Nf1 Na5 13. Bc2 Re8 14. Ng3 Bg4 15. Rxe8+ Qxe8 16. b3 Bxf3 17. Qxf3 Qe1+ 18. Nf1 Re8 19. Rb1 Qe2 20. Qxe2 Rxe2 21. Bd2 Nc6 22. Bd3 Re7 23. a4 a6 24. Ne3 Rd7 25. Ra1 Ne7 26. a5 Nbc8 27. c4 f5 28. Bc3 c5 29. Nc2 Nd6 30. Re1 dxc4 31. bxc4 Nc6 32. Rb1 Nxd4 33. Nxd4 Bxd4 34. Bxd4 cxd4 35. c5 Ne4 36. Rc1 Kg7 37. f3 Nc3 38. Re1 1-0


[Site "https://www.chess.com"]

[Event "Titled Tuesday Blitz August 1 Early 2023"]
[White "FREDERICKtheMATE"]
[Black "musclemonster12"]
[WhiteElo "2422"]
[BlackElo "2604"]
[Result "0-1"]
[Round "5"]
[TimeControl "180+1"]
[Date "2023.08.01"]
[WhiteClock "0:00:13"]
[BlackClock "0:00:44"]
[Board "86"]

1. Nf3 Nf6 2. g3 d5 3. Bg2 c5 4. O-O e6 5. c4 d4 6. e3 Nc6 7. exd4 cxd4 8. d3 Bd6 9. Re1 O-O 10. Nbd2 e5 11. a3 a5 12. Ne4 Nxe4 13. dxe4 a4 14. Bd2 f6 15. Rc1 Be6 16. Nh4 g6 17. Qc2 Bc5 18. Qd3 Na5 19. Bxa5 Qxa5 20. Kh1 Rab8 21. Bf1 Rfc8 22. Re2 Bf8 23. Rec2 Rc5 24. f4 Rbc8 25. f5 Bf7 26. fxg6 hxg6 27. Qf3 Bg7 28. Bd3 Qb6 29. Qg4 Kh7 30. Rf1 Qe6 31. Qf3 b5 32. Rcc1 bxc4 33. Bc2 c3 34. bxc3 Rxc3 35. Qe2 d3 36. Bxd3 Rxc1 37. Rxc1 Rxc1+ 38. Kg2 Qa2 39. Qxa2 Bxa2 40. Bb5 Bb3 41. Be8 g5 42. Nf5 Bf8 43. h4 Bxa3 44. h5 Bf8 45. Bg6+ Kg8 46. h6 a3 47. h7+ Kh8 48. Ne3 a2 49. Ng4 a1=Q 50. Nxf6 Qa2+ 51. Kf3 Bd1+ 52. Ke3 Rc3# 0-1


[Site "https://www.chess.com"]

[Event "Titled Tuesday Blitz August 1 Early 2023"]
[White "Stork, Oliver"]
[Black "NovoselovRoman"]
[WhiteFideId "12955728"]
[WhiteElo "2403"]
[BlackElo "2603"]
[Result "0-1"]
[Round "5"]
[TimeControl "180+1"]
[Date "2023.08.01"]
[WhiteClock "0:00:14"]
[BlackClock "0:01:43"]
[Board "87"]

1. e4 d5 2. exd5 Qxd5 3. Nc3 Qd6 4. d4 Nf6 5. Nf3 c6 6. g3 Bf5 7. Bg2 e6 8. O-O Be7 9. Bf4 Qd8 10. Re1 O-O 11. Qd2 Nbd7 12. Rad1 Bb4 13. Ne5 Nxe5 14. Bxe5 Nd5 15. a3 Nxc3 16. bxc3 Bxa3 17. c4 Bd6 18. Qf4 Bxe5 19. dxe5 Qa5 20. h4 Rad8 21. h5 Bxc2 22. Rxd8 Qxe1+ 0-1


[Site "https://www.chess.com"]

[Event "Titled Tuesday Blitz August 1 Early 2023"]
[White "Vemparala, Nikash"]
[Black "Sturt, Raven"]
[WhiteFideId "30960967"]
[BlackFideId "2007304"]
[WhiteElo "2357"]
[BlackElo "2593"]
[Result "0-1"]
[Round "5"]
[TimeControl "180+1"]
[Date "2023.08.01"]
[WhiteClock "0:00:59"]
[BlackClock "0:01:23"]
[Board "88"]

1. e4 c5 2. Nf3 d6 3. d4 cxd4 4. Nxd4 Nf6 5. Nc3 a6 6. f3 e5 7. Nb3 Be7 8. Be3 Be6 9. Qd2 h5 10. Nd5 Nxd5 11. exd5 Bf5 12. Bd3 Bxd3 13. Qxd3 Nd7 14. O-O Bg5 15. Bf2 O-O 16. c4 a5 17. Rad1 a4 18. Na1 f5 19. Nc2 Qe7 20. Na3 e4 21. Qe2 e3 22. Be1 f4 23. Bc3 Bf6 24. Nb5 Bxc3 25. Nxc3 Nc5 26. g3 Rae8 27. Kh1 h4 28. gxf4 Rxf4 29. Rg1 Qf6 30. Rdf1 Qf5 31. Qg2 Re7 32. Ne2 Rxc4 33. f4 Nd3 34. Qf3 Nf2+ 35. Rxf2 exf2 36. Qxf2 Qe4+ 37. Qg2 Qxg2+ 38. Rxg2 h3 39. Rf2 Rc1+ 40. Nxc1 Re1+ 0-1


[Site "https://www.chess.com"]

[Event "Titled Tuesday Blitz August 1 Early 2023"]
[White "Gireman, Ja"]
[Black "Gardezi, Arsal"]
[WhiteFideId "5043794"]
[BlackFideId "30949521"]
[WhiteElo "2576"]
[BlackElo "2284"]
[Result "1-0"]
[Round "5"]
[TimeControl "180+1"]
[Date "2023.08.01"]
[WhiteClock "0:01:25"]
[BlackClock "0:01:23"]
[Board "89"]

1. e4 c5 2. Nf3 d6 3. d4 cxd4 4. Nxd4 Nf6 5. Nc3 a6 6. Rg1 e5 7. Nb3 b5 8. g4 b4 9. Nd5 Nxe4 10. Bg2 f5 11. Be3 Nc6 12. Bb6 Qh4 13. Nc7+ Kd7 14. Bxe4 fxe4 15. Nc5+ Ke7 16. Nxe4 Rb8 17. Qxd6+ Kf7 18. Qd5+ Kg6 19. Qxc6+ Kf7 20. Qe8+ Kg8 21. Bc5 1-0


[Site "https://www.chess.com"]

[Event "Titled Tuesday Blitz August 1 Early 2023"]
[White "Kramnik, Vladimir"]
[Black "Ferro, Mario"]
[WhiteFideId "4101588"]
[BlackFideId "810290"]
[WhiteElo "2968"]
[BlackElo "2327"]
[Result "1-0"]
[Round "5"]
[TimeControl "180+1"]
[Date "2023.08.01"]
[WhiteClock "0:02:10"]
[BlackClock "0:00:53"]
[Board "90"]

1. c4 c5 2. g3 Nc6 3. Bg2 d6 4. Nc3 h5 5. Nf3 e5 6. d3 h4 7. Nxh4 Rxh4 8. gxh4 Qxh4 9. Nd5 Kd8 10. Be3 f5 11. Qa4 f4 12. Bd2 Rb8 13. Ba5+ Nxa5 14. Qxa5+ b6 15. Qxa7 Rb7 16. Qa8 Qg4 17. Bf3 1-0


[Site "https://www.chess.com"]

[Event "Titled Tuesday Blitz August 1 Early 2023"]
[White "Dushyant Sharma"]
[Black "Dau Khuong Duy"]
[WhiteFideId "25065130"]
[BlackFideId "12424722"]
[WhiteElo "2495"]
[BlackElo "2867"]
[Result "0-1"]
[Round "5"]
[TimeControl "180+1"]
[Date "2023.08.01"]
[WhiteClock "0:00:05"]
[BlackClock "0:00:06"]
[Board "91"]

1. e4 c5 2. Nf3 d6 3. d4 cxd4 4. Nxd4 Nf6 5. Nc3 a6 6. f4 e6 7. Nf3 Nc6 8. Bd3 Qc7 9. a4 Be7 10. O-O O-O 11. Kh1 b6 12. Qe1 Nd7 13. Qg3 Bb7 14. Bd2 Kh8 15. Qh3 Nc5 16. Rae1 Nxd3 17. cxd3 Qd7 18. Nd5 Bd8 19. Ng5 h6 20. Be3 Kg8 21. Nf3 Ne7 22. Nxb6 Bxb6 23. Bxb6 Qxa4 24. Bd4 Ng6 25. Qg3 Kh7 26. Bc3 f6 27. Nd4 Qd7 28. f5 exf5 29. exf5 Ne5 30. Ne6 Rf7 31. Rf4 Re8 32. d4 Nc6 33. Qg6+ Kg8 34. Rh4 Ne7 35. Qg4 Kh7 36. Qf4 Bd5 37. Nxg7 Rxg7 38. Qxh6+ Kg8 39. Qxf6 Bxg2+ 40. Kg1 Bf3+ 41. Kf2 Qc6 42. Rg1 Nxf5 43. Rxg7+ Nxg7 44. Qxg7+ Kxg7 45. d5+ Qxc3 46. bxc3 Bxd5 47. Ra4 Bb7 48. Ra5 Re7 49. Kg3 Kf6 50. Rh5 Ke6 51. Kf4 Rc7 52. Rh6+ Kd5 53. Rh5+ Kc4 54. Rh6 Rc6 55. Ke3 Kxc3 56. h4 d5 57. Rh7 d4+ 58. Ke4 Rc7+ 0-1


[Site "https://www.chess.com"]

[Event "Titled Tuesday Blitz August 1 Early 2023"]
[White "Kaplan, Avi Harrison"]
[Black "Harshavardhan G B"]
[WhiteFideId "30934559"]
[BlackFideId "25059009"]
[WhiteElo "2491"]
[BlackElo "2860"]
[Result "0-1"]
[Round "5"]
[TimeControl "180+1"]
[Date "2023.08.01"]
[WhiteClock "0:00:04"]
[BlackClock "0:01:31"]
[Board "92"]

1. b3 e5 2. Bb2 Nc6 3. e3 d6 4. g3 g6 5. Bg2 Bg7 6. Ne2 Nge7 7. O-O O-O 8. c4 f5 9. d4 e4 10. a3 d5 11. Nbc3 Be6 12. Nf4 Bf7 13. h4 dxc4 14. b4 Qd7 15. Nh3 Nd5 16. Na4 Nd8 17. Ng5 Be8 18. Nc5 Qe7 19. Qe2 b5 20. Rae1 h6 21. Nh3 Ne6 22. f3 Nxc5 23. bxc5 Bc6 24. h5 exf3 25. Bxf3 g5 26. g4 fxg4 27. Bxg4 Rae8 28. e4 Rxf1+ 29. Kxf1 Nf6 30. e5 Nxg4 31. Qxg4 Qf7+ 32. Kg1 Bf3 33. Qg3 Bxh5 34. Rf1 Qd5 35. Nf2 Rf8 36. a4 b4 37. a5 Rf3 38. Qg2 c3 39. Bc1 Qxd4 40. a6 Bxe5 41. Kh1 Qh4+ 42. Kg1 Rg3 43. Nh1 Bd4+ 44. Be3 Bxe3+ 45. Nf2 Bf3 46. c6 Rxg2# 0-1


[Site "https://www.chess.com"]

[Event "Titled Tuesday Blitz August 1 Early 2023"]
[White "Molina, Roberto Junio Brito"]
[Black "Ljukin, Sergei"]
[WhiteFideId "2109450"]
[BlackFideId "14102200"]
[WhiteElo "2845"]
[BlackElo "2490"]
[Result "1-0"]
[Round "5"]
[TimeControl "180+1"]
[Date "2023.08.01"]
[WhiteClock "0:00:56"]
[BlackClock "0:00:27"]
[Board "93"]

1. e4 e6 2. d4 d5 3. Nd2 Nf6 4. e5 Nfd7 5. Ngf3 c5 6. c3 Nc6 7. Bd3 Qb6 8. O-O Be7 9. dxc5 Nxc5 10. Nb3 Nxd3 11. Qxd3 f6 12. exf6 Bxf6 13. Bg5 O-O 14. Bxf6 Rxf6 15. Rfe1 Bd7 16. Qe3 Qc7 17. Ne5 Raf8 18. f3 Rh6 19. Nd4 Nxe5 20. Qxe5 Qxe5 21. Rxe5 Rhf6 22. Rae1 Kf7 23. g3 Rc8 24. f4 Rc4 25. f5 Bc8 26. fxe6+ Ke8 27. Rxd5 1-0


[Site "https://www.chess.com"]

[Event "Titled Tuesday Blitz August 1 Early 2023"]
[White "Molenda, Marcin"]
[Black "Mahdavi, Reza"]
[WhiteFideId "1173065"]
[BlackFideId "12595926"]
[WhiteElo "2489"]
[BlackElo "2778"]
[Result "1-0"]
[Round "5"]
[TimeControl "180+1"]
[Date "2023.08.01"]
[WhiteClock "0:01:18"]
[BlackClock "0:01:13"]
[Board "94"]

1. e4 c5 2. Nc3 d6 3. f4 g6 4. Nf3 Bg7 5. a4 Nc6 6. Bb5 Bd7 7. d3 a6 8. Bxc6 Bxc6 9. O-O Nf6 10. Qe1 O-O 11. Qh4 b5 12. f5 b4 13. Ne2 gxf5 14. Bh6 fxe4 15. Ng5 e6 16. Bxg7 Kxg7 17. Rxf6 Kxf6 18. Rf1+ Ke7 19. Nxf7+ Kd7 20. Nxd8 Rxf1+ 21. Kxf1 Rxd8 22. Qxh7+ Kc8 23. dxe4 1-0


[Site "https://www.chess.com"]

[Event "Titled Tuesday Blitz August 1 Early 2023"]
[White "Bettalli, Francesco"]
[Black "Kaczur, Florian"]
[WhiteFideId "2816453"]
[BlackFideId "705098"]
[WhiteElo "2481"]
[BlackElo "2761"]
[Result "0-1"]
[Round "5"]
[TimeControl "180+1"]
[Date "2023.08.01"]
[WhiteClock "0:01:37"]
[BlackClock "0:01:39"]
[Board "96"]

1. e4 c5 2. Nc3 d6 3. g3 Nc6 4. Bg2 Nf6 5. Nge2 h5 6. O-O h4 7. d4 hxg3 8. hxg3 cxd4 9. Nxd4 Bd7 10. Nd5 Rc8 11. Bg5 Ng4 12. Nxc6 bxc6 13. Ne3 Qa5 14. Bf4 Qh5 15. Re1 g5 16. Nxg4 gxf4 17. Bf3 Bxg4 18. Bxg4 Qh1# 0-1


[Site "https://www.chess.com"]

[Event "Titled Tuesday Blitz August 1 Early 2023"]
[White "Vakhlamov, Igor L."]
[Black "Kovalevsky, Stanislav"]
[WhiteFideId "24126748"]
[BlackFideId "13508598"]
[WhiteElo "2721"]
[BlackElo "2481"]
[Result "1-0"]
[Round "5"]
[TimeControl "180+1"]
[Date "2023.08.01"]
[WhiteClock "0:00:42"]
[BlackClock "0:00:04"]
[Board "97"]

1. e4 c6 2. d4 d5 3. exd5 cxd5 4. c4 Nf6 5. Nc3 g6 6. cxd5 Bg7 7. Bc4 O-O 8. Nf3 Nbd7 9. O-O Nb6 10. Bb3 Nfxd5 11. Re1 Bg4 12. h3 Bxf3 13. Qxf3 e6 14. Rd1 Rc8 15. Ne4 a5 16. Bg5 Qd7 17. Nc5 Qc7 18. Rac1 Qb8 19. Bxd5 exd5 20. Bf4 Qa7 21. b3 a4 22. h4 Rc6 23. h5 gxh5 24. Qxh5 Rg6 25. Bc7 Rc8 26. Bxb6 Qxb6 27. Qxd5 Rd8 28. Qxb7 Bxd4 29. Qxb6 Rxb6 30. Nxa4 Rf6 31. Rd2 Rdd6 32. Kf1 Kg7 33. Rcd1 Be5 34. Rxd6 Rxd6 35. Rxd6 Bxd6 36. Ke2 Kf6 37. Nc3 Ke5 38. Kd3 Bc5 39. f3 Kf4 40. Ne2+ Ke5 41. Kc4 Ba3 42. b4 f5 43. b5 Bd6 44. a4 h6 45. a5 h5 46. b6 h4 47. a6 Bc5 1-0


[Site "https://www.chess.com"]

[Event "Titled Tuesday Blitz August 1 Early 2023"]
[White "Csonka, Balazs"]
[Black "Rama, Tejas"]
[WhiteFideId "742910"]
[BlackFideId "30907381"]
[WhiteElo "2719"]
[BlackElo "2480"]
[Result "0-1"]
[Round "5"]
[TimeControl "180+1"]
[Date "2023.08.01"]
[WhiteClock "0:00:13"]
[BlackClock "0:00:33"]
[Board "98"]

1. d4 Nf6 2. c4 e6 3. g3 d5 4. Nf3 dxc4 5. Bg2 c5 6. O-O Nc6 7. dxc5 Qxd1 8. Rxd1 Bxc5 9. Nfd2 Nd4 10. Nc3 Nd5 11. Nxd5 exd5 12. Bxd5 O-O 13. Nxc4 Rd8 14. e4 Bg4 15. Rd3 Be2 16. Rc3 Bb4 17. Bg5 Rxd5 18. exd5 Bxc3 19. bxc3 Nf3+ 20. Kg2 Nxg5 21. Ne5 f6 22. Re1 Bh5 23. f4 fxe5 24. fxg5 Re8 25. h3 e4 26. g4 Bf7 27. c4 b5 28. cxb5 Bxd5 29. Kg3 e3 30. a4 e2 31. a5 Bc4 32. b6 axb6 33. axb6 Rb8 34. Rb1 Rxb6 0-1


[Site "https://www.chess.com"]

[Event "Titled Tuesday Blitz August 1 Early 2023"]
[White "Kazakov, Mikhail"]
[Black "nickVet"]
[WhiteFideId "14102749"]
[WhiteElo "2476"]
[BlackElo "2698"]
[Result "0-1"]
[Round "5"]
[TimeControl "180+1"]
[Date "2023.08.01"]
[WhiteClock "0:00:00"]
[BlackClock "0:00:12"]
[Board "99"]

1. d4 d5 2. c4 c6 3. Nc3 Nf6 4. cxd5 cxd5 5. Bf4 Nc6 6. e3 a6 7. Bd3 Bg4 8. f3 Bh5 9. Nge2 e6 10. Qb3 b5 11. Rc1 Na5 12. Qc2 Rc8 13. Qd1 Bg6 14. O-O Be7 15. b3 O-O 16. Bxg6 hxg6 17. Qd3 Ba3 18. Rcd1 Qd7 19. e4 dxe4 20. fxe4 Rfd8 21. Bg5 Be7 22. Qf3 Qe8 23. Ng3 Nd5 24. exd5 Bxg5 25. Nge4 Bh6 26. d6 f5 27. Nc5 Rxd6 28. Rfe1 Bg5 29. Qg3 Qe7 30. Re2 Bf6 31. Red2 Rxd4 32. Rxd4 Qxc5 33. Ne2 Nc6 0-1


[Site "https://www.chess.com"]

[Event "Titled Tuesday Blitz August 1 Early 2023"]
[White "MFatigue"]
[Black "Oleksiyenko, Mykhaylo"]
[BlackFideId "4152417"]
[WhiteElo "2475"]
[BlackElo "2696"]
[Result "0-1"]
[Round "5"]
[TimeControl "180+1"]
[Date "2023.08.01"]
[WhiteClock "0:00:15"]
[BlackClock "0:00:44"]
[Board "100"]

1. e4 c5 2. a3 d5 3. exd5 Qxd5 4. Nc3 Qd8 5. Nf3 Nc6 6. Bb5 Bd7 7. d4 cxd4 8. Nxd4 e5 9. Nxc6 Bxc6 10. Bxc6+ bxc6 11. Qxd8+ Rxd8 12. Be3 a6 13. Ke2 Nf6 14. Rad1 Nd5 15. Na4 Be7 16. c4 Nxe3 17. Kxe3 Bg5+ 18. Ke4 Bd2 19. Kf3 Ke7 20. Ke2 Bg5 21. Nc5 a5 22. b3 f5 23. Nb7 Ra8 24. Nc5 Ra7 25. Rd3 e4 26. Rd4 Bf6 27. Rd2 Bc3 28. Rc2 Bd4 29. Na4 Rb8 30. Rd1 c5 31. Rb1 Rab7 32. b4 axb4 33. axb4 Rxb4 0-1


[Site "https://www.chess.com"]